 Dungeon Crawl Stone Soup version 0.29.1-2-gbd0b4ee654 (webtiles) character file.

Game seed: 11965592025590153372

67 hawla the Firebug (level 4, -4/51 HPs)
             Began as a Meteoran Fire Elementalist on Nov 4, 2022.
             Slain by Ijyb
             ... wielding a +3 club
              (7 damage)
             ... on level 3 of the Dungeon.
             The game lasted 00:05:55 (1385 turns).

hawla the Firebug (Meteoran Fire Elementalist)      Turns: 1385, Time: 00:05:55

Health: -4/51      AC: 22    Str: 10    XL:     4   Next: 67%
Magic:  1/9        EV:  2    Int: 18    God:
Gold:   120        SH:  0    Dex: 14    Spells: 2/9 levels left

rFire   . . .      SeeInvis .   (no weapon)
rCold   . . .      Faith    .   (no shield)
rNeg    . . .      Spirit   .   (body armour currently unavailable)
rPois   +          Reflect  .   (helmet currently unavailable)
rElec   .          Harm     .   (cloak currently unavailable)
rCorr   .          Rampage  .   (gloves currently unavailable)
Will    .....      NoTele   +   (boots currently unavailable)
Stlth   +.........              (no amulet)
HPRegen 0.17/turn               (no ring)
MPRegen 0.11/turn               (no ring)

@: tree-form, glowing
A: stationary, stasis, torment immunity, boosted hp, sense surroundings 1,
otherworldly, glowing, explore regen
a: no special abilities


You were on level 3 of the Dungeon.
You were a tree.
You visited 1 branch of the dungeon, and saw 3 of its levels.

You collected 120 gold pieces.

Inventory:

Armour
 a - a +0 robe (melded)
 d - a +0 hat (melded)
Scrolls
 f - 2 scrolls of identify
 h - a scroll of poison
Potions
 b - a potion of magic
 e - a potion of curing {unknown}
 g - a potion of berserk rage
 i - a potion of haste {unknown}
 j - a potion of flight
 l - 2 potions of might {unknown}


   Skills:
 - Level 0.3 Fighting
 - Level 2.9 Dodging
 - Level 1.4 Stealth
 - Level 3.3 Spellcasting
 + Level 2.0 Conjurations
 + Level 5.0 Fire Magic


You had 2 spell levels left.
You knew the following spells:

 Your Spells              Type           Power      Damage    Failure   Level
a - Foxfire               Conj/Fire      60%        2x1d7     3%          1
b - Scorch                Fire           42%        2d7       3%          2
c - Flame Wave            Conj/Fire      15%        2d7       36%         4

Your spell library contained the following spells:

 Spells                   Type           Power      Damage    Failure   Level
 Freeze                   Ice            8%         1d3       16%         1
 Conjure Flame            Conj/Fire      15%        6-21      11%         3
 Inner Flame              Hex/Fire       12%        N/A       17%         3
 Ignite Poison            Fire/Tmut/Pois 9%         N/A       24%         3
 Stone Arrow              Conj/Erth      12%        3d7       32%         3
 Mephitic Cloud           Conj/Pois/Air  5%         N/A       36%         3
 Frozen Ramparts          Ice            4%         1d1       43%         3
 Hailstorm                Conj/Ice       6%         3d4       71%         4
 Animate Armour           Summ/Erth      4%         N/A       85%         4
 Freezing Cloud           Conj/Ice/Air   2%         6-21      98%         5
 Lehudib's Crystal Spear  Conj/Erth      3%         10d2      100%        8


Dungeon Overview and Level Annotations

Branches:
Dungeon (3/15) Zot: 414

Altars:
Hepliaklqana

Annotations:
D:3 Ijyb


Innate Abilities, Weirdness & Mutations

You are a tree.
Your roots penetrate the ground, keeping you stationary.
You cannot be teleported.
You are immune to unholy pain and torment.
Your maximum health is greatly increased.
Your equipment is partially melded.
You passively map a small area around you.
You are easily found by Zot.
You glow in the dark.
You regain HP and MP as you explore.


Message History

Confirm with . or Enter, or press ? or * to list all spells.
Flames lash Ijyb but do no damage.
A hobgoblin comes into view.
Casting: Scorch (safe; 3% risk of failure)
Confirm with . or Enter, or press ? or * to list all spells.
Flames lash Ijyb.
Ijyb is lightly wounded.
Ijyb's fire resistance burns away.
Ijyb hits you with a +3 club! x2
Okay, then.
Okay, then.
Really quaff the potion of lignification?
You turn into a tree.
Your +0 hat melds into your body.
Your +0 robe melds into your body.
Your roots penetrate the ground.
Ijyb hits you with a +3 club.
Casting: Scorch (safe; 3% risk of failure)
Confirm with . or Enter, or press ? or * to list all spells.
Flames lash Ijyb.
Ijyb is burned terribly!
Ijyb is moderately wounded.
Ijyb hits you with a +3 club.
* * * LOW HITPOINT WARNING * * *
Ijyb hits you but does no damage.
Casting: Scorch (safe; 3% risk of failure)
Confirm with . or Enter, or press ? or * to list all spells.
You conjure some foxfire!
Ijyb hits you but does no damage.
Casting: Foxfire (safe; 3% risk of failure)
Confirm with . or Enter, or press ? or * to list all spells.
Flames lash the hobgoblin.
You kill the hobgoblin!
The foxfire hits Ijyb but does no damage.
Ijyb is moderately wounded.
The foxfire hits Ijyb but does no damage.
Ijyb is moderately wounded.
Ijyb hits you but does no damage.
A worm comes into view.
Ijyb hits you with a +3 club!
* * * LOW HITPOINT WARNING * * *
Your Conjurations skill increases to level 2!
It was a potion of flight.
Your roots keep you in place.
Ijyb hits you with a +3 club!
You die...

* w.. , ... #.# *
... #.# ** #.# #.#
#####.# #.# #.....#
#.# #....g# #.#
#....♣######.#######
#..................#
#.[...######.#####.#
#.....# #.# #.# , *
#.....# #.# #.# * *
####### #.# #.# #.#
#.# * #######.## #.#
, , ** #........#
#.#


You could see Ijyb (berserk, combustible) and a worm.

Vanquished Creatures
  An adder (D:2)
  2 worms (D:2)
  A dart slug (D:1)
  8 ball pythons
  7 endoplasms
  A giant cockroach (D:2)
  5 goblins
  6 hobgoblins
  2 jackals (D:2)
  A quokka (D:3)
  4 bats
  3 frilled lizards
  3 kobolds
  2 rats
46 creatures vanquished.

Vanquished Creatures (others)
  96 foxfires
96 creatures vanquished.

Grand Total: 142 creatures vanquished

Notes
Turn   | Place    | Note
-------+----------+-------------------------------------------
     0 | D:1      | hawla the Meteoran Fire Elementalist began the quest for
                  | the Orb.
     0 | D:1      | Reached XP level 1. HP: 14/14 MP: 5/5
    74 | D:1      | Found a faded altar of an unknown god.
   101 | D:1      | Reached skill level 4 in Fire Magic
   101 | D:1      | Reached XP level 2. HP: 17/20 MP: 3/6
   371 | D:1      | Reached XP level 3. HP: 26/26 MP: 4/8
   374 | D:1      | Learned a level 2 spell: Scorch
   500 | D:1      | Glimpsed the power of Zot.
   739 | D:2      | Reached XP level 4. HP: 34/34 MP: 4/9
   744 | D:2      | Learned a level 4 spell: Flame Wave
  1100 | D:2      | Glimpsed the power of Zot.
  1212 | D:3      | Reached skill level 5 in Fire Magic
  1226 | D:3      | Found a hazy altar of Hepliaklqana.
  1377 | D:3      | Noticed Ijyb
  1384 | D:3      | HP: 2/51 [Ijyb/+3 club (10)]
  1385 | D:3      | Slain by Ijyb

Illustrated notes

Levels and vault maps discovered:
D:1:      lemuel_arrival_hallway, layout_loops_ring,
          chequers_ecumenical_altar_simple, minmay_split_cup_large
D:2:      layout_basic, guppyfry_early_lair_pool
D:3:      layout_basic, mainiacjoe_overflow_six_doors_small,
          portal_sewer_entry_e, uniq_crazy_yiuf_cottage, uniq_ijyb

Skill      XL: |  1  2  3  4 |
---------------+-------------+-----
Fire Magic     | 4 5 |  5.0
Spellcasting   | 3 |  3.3
Conjurations   | 2 |  2.0
Fighting       | |  0.3
Dodging        | |  2.9
Stealth        | |  1.4

Action                   |  1- 3 |  4- 6 || total
-------------------------+-------+-------++-------
Melee: Unarmed           |    14 |     4 ||    18
 Cast: Foxfire           |    37 |    21 ||    58
       Scorch            |     2 |    15 ||    17
  Use: Scroll            |     5 |     2 ||     7
       Potion            |       |     2 ||     2
Armor: Robe              |     3 |     3 ||     6
       Skin              |       |     3 ||     3
Dodge: Dodged            |     9 |     3 ||    12
